 Dungeon Crawl Stone Soup version 0.24-a0-246-gb963c9a (webtiles) character file.

Game seed: 8413185429793858663

37 Borgoz the Cutter (level 3, 0/24 HPs)
             Began as a Kobold Berserker on Apr 12, 2019.
             Was a Follower of Trog.
             Succumbed to an adder's poison
             ... on level 2 of the Dungeon.
             The game lasted 00:02:04 (2017 turns).

Borgoz the Cutter (Kobold Berserker)                Turns: 2017, Time: 00:02:05

Health: 0/24       AC:  2    Str: 20    XL:     3   Next: 62%
Magic:  3/3        EV: 15    Int:  8    God:    Trog [*.....]
Gold:   59         SH:  0    Dex: 14    Spells: 2/2 levels left

rFire    . . .     SeeInvis .   a - +0 short sword
rCold    . . .     Gourm    .   (shield restricted)
rNeg     . . .     Faith    .   b - +0 animal skin
rPois    .         Spirit   .   (no helmet)
rElec    .         Reflect  .   (no cloak)
rCorr    .         Harm     .   (no gloves)
MR       .....                  (no boots)
Stlth    +.........             (no amulet)
HPRegen  0.08/turn              (no ring)
MPRegen  0.08/turn              (no ring)

@: mighty, lethally poisoned (0 -> -5), berserk cooldown, hasted and slowed
A: small, carnivore
a: Berserk, Renounce Religion


You were on level 2 of the Dungeon.
You worshipped Trog.
Trog was aware of your devotion.
You were full.

You visited 1 branch of the dungeon, and saw 2 of its levels.

You collected 59 gold pieces.

Inventory:

Hand Weapons
 a - a +0 short sword (weapon)
Armour
 b - a +0 animal skin (worn)
Scrolls
 d - 2 scrolls of identify {unknown}
 e - 4 scrolls of teleportation {unknown}
 g - a scroll of enchant weapon {unknown}
 h - a scroll of enchant armour {unknown}
Comestibles
 c - 3 rations


   Skills:
 + Level 3.7 Fighting
 + Level 4.8 Short Blades
 + Level 1.7 Armour
 + Level 3.0 Dodging
 + Level 0.5 Stealth


You had 2 spell levels left.
You didn't know any spells.
Your spell library was empty.

Dungeon Overview and Level Annotations

Branches:
Dungeon (2/15)

Altars:


Innate Abilities, Weirdness & Mutations

You are small and have problems with some larger weapons.
You are carnivorous and can eat meat at any time.


Message History

You feel sick.
It was a potion of might.
You feel very mighty all of a sudden.
A red film seems to cover your vision as you go berserk!
You feel yourself moving faster!
You feel mighty!
You feel quite a bit less full.
* * * LOW HITPOINT WARNING * * *
You feel sick.
You feel a strong urge to attack something.
You see here a viscous coppery potion.
* * * LOW HITPOINT WARNING * * *
You feel sick.
You feel your anger nearly subside.
You see here a viscous coppery potion.
f - a viscous coppery potion You are no longer berserk.
You are exhausted.
You feel yourself slow down.
It was a potion of haste.
You feel yourself speed up.
You die...

#..# #.#.# #..#
#.#.##
#..###.<...
#......>.##
##.####### #.#
#.#
#.###########.#
#....@........#
###############


There were no monsters in sight!

Vanquished Creatures
  An adder (D:2)
  A worm (D:1)
  A dart slug (D:1)
  A giant cockroach (D:1)
  2 goblins (D:1)
  2 hobgoblins (D:1)
  5 jackals (D:1)
  3 bats (D:1)
  A frilled lizard (D:1)
  3 kobolds (D:1)
  3 rats (D:1)
23 creatures vanquished.

Notes
Turn   | Place    | Note
-------+----------+-------------------------------------------
     0 | D:1      | Borgoz the Kobold Berserker began the quest for the Orb.
     0 | D:1      | Reached XP level 1. HP: 14/14 MP: 1/1
   859 | D:1      | Reached XP level 2. HP: 19/19 MP: 2/2
  1259 | D:1      | Reached XP level 3. HP: 9/23 MP: 3/3
  2017 | D:2      | Succumbed to an adder's poison

Levels and vault maps discovered:
D:1:      dpeg_arrival_brainrot, layout_basic, minmay_crystal_water
D:2:      minmay_angry_zag, layout_loops_ring, lemuel_crystal_altar,
          dk_noncrumbling_3

Skill      XL: |  1  2  3 |
---------------+----------+-----
Dodging        | 3 |  3.0
Fighting       | |  3.7
Short Blades   | |  4.8
Armour         | |  1.7
Stealth        | |  0.5

Action                   || total
-------------------------++-------
Melee: Short sword       ||    87
Invok: Berserk           ||     1
  Use: Potion            ||     2
 Stab: Sleeping          ||     1
  Eat: Chunk             ||     9
Armor: Animal skin       ||    13
Dodge: Dodged            ||    54

Table legend:
 A = Non-vault XP
 B = Vault XP
 C = Vault XP percentage of total XP
 D = Non-vault monster count
 E = Vault monster count
 F = Vault count percentage of total count
                 A         B        C        D         E       F
            +---------+---------+-------+---------+---------+-------
      Total |      49 |       5 |   9.3 |      22 |       1 |   4.3
            +---------+---------+-------+---------+---------+-------
        D:1 |      36 |       5 |  12.2 |      21 |       1 |   4.5
        D:2 |      13 |       0 |   0.0 |       1 |       0 |   0.0
            +---------+---------+-------+---------+---------+-------
